AoeStats
← Retain Brain

QS Arena

503286789Analyzed
2v2 RM · 1mo ago on Aug 31, 2026· 58m 27s· 4 players
Game mode
Random Map
Map size
Medium (4 player)
Population
200
Speed
Normal
Resources
Standard
Victory
Conquest
Starting age
Dark Age
Ending age
Imperial Age
RankedLock teamsTeams togetherTeam positionsShared explorationLock speedFull tech treeHidden civsTurbo modeCheats
Victory
Defeat
🇺🇸 Khmer · United States
811
+36
🇺🇸 Persians · United States
744
+35
🇨🇱 Italians · Chile
1000
-95
🇨🇱 Inca · Chile
525
-6
666
0:35 Loom
7:10 Feudal Age
7:38 Double-Bit Axe
8:53 Champi Runner
16:45 Castle Age
16:53 Fletching
17:14 Forging
19:46 Horse Collar
19:33 Champi Warrior
24:24 Pikeman
26:35 Sanctity
26:50 Bodkin Arrow
34:19 Ballistics
38:21 Imperial Age
37:54 Iron Casting
38:33 Scale Mail Armor
38:40 Padded Archer Armor
39:40 Block Printing
45:05 Elite Champi Warrior
46:06 Elite Champi Warrior
presiocum
13:49 Feudal Age
Retain Brain
0:28 Loom
9:09 Feudal Age
10:22 Wheelbarrow
19:03 Castle Age
18:14 Horse Collar
20:49 Hand Cart
20:51 Caravan
31:50 Heavy Plow
38:38 Imperial Age
38:14 Elite War Elephant
39:33 Crop Rotation
40:07 Scale Barding Armor
41:18 Forging
43:12 Iron Casting
42:58 Chain Barding Armor
51:58 Blast Furnace
57:10 Plate Barding Armor
56:05 Spies/Treason
Syncro Bull
11:19 Feudal Age
13:14 Wheelbarrow
13:20 Wheelbarrow
12:56 Horse Collar
21:05 Castle Age
19:32 Gold Mining
19:33 Stone Mining
26:00 Caravan
33:31 Imperial Age
36:06 Stone Shaft Mining
36:07 Gold Shaft Mining
44:05 Elite Ballista Elephant
45:54 Loom
46:14 Elite Ballista Elephant
52:27 Double Crossbow
Connection lost

Rejoining the realm…

Still unreachable

The connection could not be restored.

Session expired

The server has moved on; the page needs a fresh start.